 Dungeon Crawl Stone Soup version 0.21-a0-2-ge494091 (webtiles) character file.

114 mopl the Gusty (level 4, 0/33 HPs)
             Began as a Draconian Air Elementalist on May 21, 2017.
             Slain by an ice beast (11 damage)
             ... on level 3 of the Dungeon.
             The game lasted 00:05:03 (2511 turns).

mopl the Gusty (Draconian Air Elementalist)         Turns: 2511, Time: 00:05:04

Health: 0/33       AC:  6    Str: 11    XL:     4   Next: 67%
Magic:  7/7        EV: 17    Int: 16    God:
Gold:   52         SH:  0    Dex: 11    Spells: 2/8 levels left

rFire    . . .     SeeInvis .   m - +0 spear
rCold    . . .     Gourm    .   (no shield)
rNeg     . . .     Faith    .   (armour unavailable)
rPois    .         Spirit   .   (helmet restricted)
rElec    .         Reflect  .   (no cloak)
rCorr    .         Harm     .   k - +0 pair of gloves
MR       .....                  (no boots)
Stlth    ++........             (no amulet)
Regen    0.2/turn               o - +5 ring of evasion
MPRegen  0.1/turn               (no ring)

@: slowed, very slow
A: unfitting armour, cold-blooded, AC +5
a: no special abilities


You were on level 3 of the Dungeon.
You were not hungry.

You visited 1 branch of the dungeon, and saw 3 of its levels.

You collected 52 gold pieces.

Inventory:

Hand Weapons
 m - a +0 spear (weapon)
Missiles
 n - 20 poisoned needles
 p - 3 needles of confusion
 q - a throwing net (quivered)
Armour
 k - a +0 pair of gloves (worn)
Jewellery
 o - a +5 ring of evasion (left hand)
Scrolls
 c - 2 scrolls of fear {unknown}
 d - 4 scrolls of identify {unknown}
 f - 2 scrolls of teleportation {unknown}
 g - a scroll of recharging {unknown}
 h - a scroll of amnesia {unknown}
 t - a scroll of remove curse {unknown}
 u - a scroll of immolation {unknown}
Potions
 e - a potion of degeneration {unknown}
 l - a potion of heal wounds {unknown}
Books
 a - a book of Air

   Spells                             Type                      Level
   a - Shock                          Conjuration/Air              1
   b - Swiftness                      Charms/Air                   2
   c - Static Discharge               Conjuration/Air              3
   d - Airstrike                      Air                          4
   e - Lightning Bolt                 Conjuration/Air              5
Miscellaneous
 s - a fan of gales
Comestibles
 b - 3 bread rations
 i - a royal jelly
 j - a fruit
 r - a meat ration


   Skills:
 - Level 1.7 Dodging
 - Level 1.7 Stealth
 + Level 2.6 Spellcasting
 * Level 2.7 Conjurations
 * Level 4.3 Air Magic


You had 2 spell levels left.
You knew the following spells:

 Your Spells              Type           Power        Failure   Level  Hunger
a - Shock                 Conj/Air       ##..         4%          1    #......
b - Static Discharge      Conj/Air       ##......     14%         3    ###....
n - Swiftness             Chrm/Air       #.......     12%         2    ##.....


Dungeon Overview and Level Annotations

Branches:
Dungeon (3/15)

Altars:
Trog
Xom


Innate Abilities, Weirdness & Mutations

Your plain brown scales are hard. (AC +5)
You cannot fit into any form of body armour.
You are cold-blooded and may be slowed by cold attacks.


Message History

u - a scroll labeled WAOZEY CUHINWUPHO The bullfrog hits you.
The quokka misses you. The giant cockroach misses you.
The bullfrog barely misses you. The ice beast completely misses you.
The quokka misses you.
You see here 13 gold pieces.
You now have 52 gold pieces (gained 13).
The giant cockroach bites you but does no damage.
The quokka barely misses you. The ice beast hits you.
The ice beast freezes you!
You feel yourself slow down. The giant cockroach barely misses you.
You feel yourself speed up. The giant cockroach closely misses you.
The ice beast closely misses you. The ice beast barely misses you.
There is a transporter here.
You enter the transporter and appear at another place.
The giant cockroach barely misses you. The bullfrog completely misses you.
The ice beast closely misses you.
The giant cockroach completely misses you.
The ice beast hits you. The ice beast freezes you!
You feel yourself slow down.
You die...

#.. ..### #.# #.#.## #.#
#....## #.# ###.....#
#.# #......##
#####.###.#.....
######.......Ys.##.##
#............@F.....##
#.###.....#########..#
#..#.##8or_..8##.#
#....#...[$|$..#.##
#....#.#....#..#..##
##...#..#....#.#...#
#...#©.)......#...+
.####...#.)#....#.#...#
#........#.#....#..#..##


You could see an ice beast, a bullfrog, an orc, a quokka and a giant cockroach.

Vanquished Creatures
  An orc priest (D:3)
  2 adders
  An ooze (D:1)
  A worm (D:3)
  A dart slug (D:2)
  3 leopard geckos
  5 orcs
  A ball python (D:2)
  2 giant cockroaches
  3 goblins (D:1)
  5 hobgoblins
  2 jackals (D:2)
  3 kobolds
  3 quokkas
  7 bats
  5 frilled lizards
  6 rats
51 creatures vanquished.

Notes
Turn   | Place    | Note
-------+----------+-------------------------------------------
     0 | D:1      | mopl the Draconian Air Elementalist began the quest for the Orb.
     0 | D:1      | Reached XP level 1. HP: 14/14 MP: 3/3
   278 | D:1      | Reached XP level 2. HP: 20/20 MP: 3/5
   333 | D:1      | Learned a level 2 spell: Swiftness
   729 | D:1      | Reached XP level 3. HP: 24/26 MP: 1/6
   754 | D:1      | Learned a level 3 spell: Static Discharge
  1238 | D:2      | Found a shimmering altar of Xom.
  1510 | D:2      | Reached skill level 4 in Air Magic
  1516 | D:2      | Reached skill level 2 in Conjurations
  1815 | D:2      | Reached XP level 4. HP: 13/33 MP: 1/7
  2320 | D:3      | Noticed an ice beast
  2321 | D:3      | Noticed a bullfrog
  2322 | D:3      | Found a bloodstained altar of Trog.
  2511 | D:3      | Slain by an ice beast

Vault maps used:
D:1:      saegor_arrival_miasma
D:2:      lemuel_coloured_pillars_altar, st_stairs_10, serial_bayou_crossing
D:3:      gammafunk_temple_overflow_arena

Skill      XL: |  1  2  3 |
---------------+----------+-----
Air Magic      | 4 |  4.3
Conjurations   | 2 |  2.7
Dodging        | |  1.7
Stealth        | |  1.7
Spellcasting   | |  2.6

Action                   |  1- 3 |  4- 6 || total
-------------------------+-------+-------++-------
Melee: Unarmed           |     1 |       ||     1
       Spear             |    18 |    23 ||    41
       Tailslap          |     1 |       ||     1
 Cast: Shock             |    63 |    17 ||    80
 Stab: Sleeping          |     1 |     1 ||     2
  Eat: Chunk             |     3 |     3 ||     6
Armor: Skin              |     9 |     6 ||    15
Dodge: Dodged            |    24 |    52 ||    76
